[Event "14th BPB Limburg Open 2022"]
[Site "Maastricht"]
[Date "2022.06.03"]
[Round "1.11"]
[White "Kopylov, Michael"]
[Black "Grutter, Tim"]
[Result "0-1"]
[ECO "E62"]
[WhiteElo "2378"]
[BlackElo "2241"]
[Annotator "TA"]
[PlyCount "114"]
[EventDate "2022.06.03"]
[EventType "swiss"]
[EventCountry "NED"]
[SourceTitle "playchess.com"]
[Source "ChessBase"]
[SourceQuality "1"]
[TimeControl "7200+15"]

1. d4 Nf6 2. c4 g6 3. g3 Bg7 4. Bg2 O-O 5. Nf3 d6 6. O-O Nc6 7. Nc3 e5 8. d5 Ne7 9. c5 Ne8 10. cxd6 Nxd6 11. e4 c6 12. Re1 {[%emt 0:02:56] E62: King's Indian: Fianchetto: 6...c6 and Panno Variation (6...Nc6) without ...a6.} h6 13. Qb3 {[%emt 0:10:26] [#]} b6 $146 ({Predecessor:} 13... Re8 14. h3 cxd5 15. exd5 Nef5 16. Be3 Nxe3 17. Rxe3 e4 18. Nd2 Bd4 19. Re2 e3 {0-1 (31) Kiss,A (2326)-Nurkic,S (2418) Kastav 2000}) 14. dxc6 {[%emt 0:11:56] The position is equal.} Nxc6 15. Rd1 Qc7 16. Nd5 Qb8 17. Be3 Be6 18. Rac1 Rc8 19. Qa4 b5 $1 20. Qa6 Nc4 $1 21. Bc5 {[%emt 0:02:45] And now b3 would win.} Bxd5 22. exd5 Nd8 {[%emt 0:02:32][%cal Bc6d8,Bd8b7,Bb7d6,Bd6e4][%mdl 32] [#]} 23. b4 {[%emt 0:03:28] Strongly threatening Ne1.} Qb7 $1 24. Qxb7 Nxb7 25. d6 Ncxd6 $1 26. Bxd6 {[%emt 0:05:50] A strong pair of Bishops.} (26. Nd2 $5 ) 26... Rxc1 27. Rxc1 Nxd6 {[%emt 0:00:03] [#]} 28. Nxe5 $1 Re8 29. Nc6 Re2 30. Rd1 Bf8 31. Bd5 Ne4 (31... a6 $11 {feels stronger.}) 32. Rd3 (32. Rd4 $1 $14 Nf6 33. Bb3) 32... Nxf2 $11 33. Rf3 Nh3+ 34. Kf1 Rd2 35. Bxf7+ Kg7 36. Bb3 {[%emt 0:00:50] Threatens to win with Rf7+.} Ng5 {[%emt 0:00:14] Against Rf7+} 37. Rf2 Rd7 38. Rf4 Rc7 39. Nd4 Bd6 40. Rg4 Rb7 41. h4 Nf7 42. Nf5+ Kf6 43. Bxf7 (43. Nxd6 $11 Nxd6 44. Rd4) 43... Kxf5 $17 44. Bd5 ({Avoid the trap} 44. Rxg6 $2 Rxf7 45. Rxh6 Bxg3 $19) 44... Kxg4 45. Bxb7 Kxg3 {[%emt 0:00:24][%mdl 4096] Endgame KB-KB} 46. h5 {[%emt 0:00:20][%mdl 8192] This costs White the game.} (46. Be4 $17) 46... g5 $19 {[%emt 0:00:38][%cal Bg6g5,Bg5g4,Bg4g3,Bg3g2][%mdl 32] White must now prevent ...Kg4.} 47. Bc6 Kh4 48. Bxb5 Kxh5 49. Be2+ Kh4 50. b5 h5 51. Kg2 g4 52. a4 Bc7 {[%emt 0:00:03] Black mates.} 53. Bc4 Kg5 54. Be6 h4 55. Bd7 h3+ 56. Kf2 g3+ 57. Kf3 g2 {[%emt 0:00:08] Weighted Error Value: White=0.62/Black=0.05 (flawless)} 0-1

[Event "14th BPB Limburg Open 2022"]
[Site "Maastricht"]
[Date "2022.06.03"]
[Round "1.12"]
[White "Bentel, Robin"]
[Black "De Rover, Yong Hoon"]
[Result "0-1"]
[ECO "E15"]
[WhiteElo "2218"]
[BlackElo "2365"]
[Annotator "TA"]
[PlyCount "60"]
[EventDate "2022.06.03"]
[EventType "swiss"]
[EventCountry "NED"]
[SourceTitle "playchess.com"]
[Source "ChessBase"]
[SourceQuality "1"]
[TimeControl "7200+15"]

1. d4 Nf6 2. c4 e6 3. Nf3 b6 4. g3 Ba6 5. b3 Bb4+ 6. Bd2 Be7 7. Bg2 c6 8. Nc3 d5 9. O-O O-O 10. Bf4 {[%emt 0:09:48] now supersedes 10.cxd5.} Nbd7 11. Nd2 {[%emt 0:08:06] E15: Queen's Indian: 4 g3 sidelines, 4 g3 Ba6 and 4 g3 Bb7 early deviations.} Nh5 {[%emt 0:12:27] [#]} 12. a3 $146 (12. Be3 $15) ({Predecessor:} 12. Be3 Rc8 13. a4 f5 14. cxd5 exd5 15. Nf3 f4 16. Bd2 Bd6 17. Re1 Re8 18. e4 fxe3 19. Bxe3 {½-½ (57) Li,C (2751)-Wojtaszek,R (2727) Huaian 2016}) 12... Rc8 (12... Nxf4 $17 13. gxf4 Bf6) 13. b4 ({Better is} 13. Be3 $15) 13... Nxf4 $17 ({Not} 13... dxc4 14. Be3 $15) 14. gxf4 dxc4 15. Qa4 {[%emt 0:14:50] [#]} Nb8 16. e3 Qc7 17. Nf3 Rcd8 18. Ne5 ({White should try} 18. Qc2) 18... b5 19. Qc2 f6 20. Nf3 Bc8 21. Rfb1 Nd7 22. a4 {[%emt 0:08:05] [#]} a6 23. d5 (23. Kh1 {is a better defense.}) 23... exd5 $19 ({Worse is} 23... cxd5 24. Nd4 Nb8 25. axb5 axb5 26. Ndxb5 $15) 24. Nd4 Nb6 25. a5 Na8 26. Rd1 Kh8 27. Nxc6 (27. Rab1) 27... Qxc6 {[%emt 0:00:40] Black is clearly winning.} 28. Rxd5 Bb7 29. Rg5 Qc8 30. Rh5 Rd3 {[%emt 0:00:28] White got outplayed after the opening.  Weighted Error Value: White=0.51/Black=0.09 (flawless)} 0-1

[Event "14th BPB Limburg Open 2022"]
[Site "Maastricht"]
[Date "2022.06.03"]
[Round "1.13"]
[White "Thinius, Marco"]
[Black "Noiroux, Kevin"]
[Result "0-1"]
[ECO "A10"]
[WhiteElo "2351"]
[BlackElo "2215"]
[Annotator "TA"]
[PlyCount "80"]
[EventDate "2022.06.03"]
[EventType "swiss"]
[EventCountry "NED"]
[SourceTitle "playchess.com"]
[Source "ChessBase"]
[SourceQuality "1"]
[TimeControl "7200+15"]

1. c4 f5 2. g3 Nf6 3. Bg2 g6 4. Nc3 Bg7 5. d3 d6 6. e4 fxe4 7. dxe4 O-O 8. Nge2 c5 {[%emt 0:00:05] A10: English Opening: Unusual Replies for Black.} 9. O-O Nc6 10. h3 e5 {[%emt 0:01:31] The position is equal.} 11. f4 Be6 12. b3 {[%emt 0:00:21] Threatening f5.} Qd7 13. Kh2 ({White should try} 13. g4 $14) 13... exf4 14. Bxf4 Ne5 15. Qd2 {[%emt 0:03:33] [#]} a6 $146 ({Predecessor:} 15... Nh5 16. Rad1 Rad8 17. Bg5 Rxf1 18. Rxf1 Rf8 19. Rxf8+ Bxf8 20. Nf4 Nxf4 21. gxf4 Nc6 22. Bf6 Kf7 {½-½ (22) Barbier,W (2110)-Le Quang,K (2286) Belgium 2014}) 16. Rad1 Rad8 17. Bg5 ({Better is} 17. Bxe5 $14 dxe5 18. Nd5) 17... b5 18. cxb5 axb5 19. Nf4 c4 20. Nxe6 Qxe6 21. Nxb5 cxb3 22. Nd4 (22. Nxd6 $2 bxa2 23. Qe2 Rxd6 $19) 22... Qe8 23. axb3 Rd7 24. b4 h6 25. Qa2+ (25. Bxh6 $2 Bxh6 26. Qa2+ (26. Qxh6 $2 Nfg4+ 27. hxg4 Nxg4+ 28. Kg1 Nxh6 $19) 26... Qf7 $19) 25... Kh7 26. Bc1 $36 {[%emt 0:01:24][%mdl 2048] White is on the roll.} Re7 {[%emt 0:03:25][%cal Of6e4] Against Ne6} 27. Rfe1 $2 (27. b5 $18) 27... d5 $1 $11 28. b5 {[%emt 0:05:44] aiming for Ba3.} (28. exd5 $2 Neg4+ $1 29. hxg4 Rxe1 30. Rxe1 Qxe1 $19) 28... Nc4 {[%emt 0:00:02][%mdl 8192] Pair of Knights!} (28... Nxe4 $11 {and Black stays safe.} 29. Qb3 (29. Qxd5 $2 Nc3 $19) 29... Nf2) 29. Nc6 $18 ({Don't go for} 29. exd5 $2 Rxe1 30. Rxe1 Qxe1 $19) 29... Rxe4 (29... Re6 $142 30. Bf4 Nxe4) 30. Bxe4 Nxe4 31. Rxd5 Qe6 32. Rd2 {[%emt 0:06:19][%mdl 8192] [#]} (32. Qxc4 $2 {is a self mate.} Rf2+ 33. Kh1 Qxh3+ 34. Kg1 Qh2#) (32. Rd8 $1 $18 {is the narrow road to win.} Rxd8 33. Nxd8) 32... Ncxd2 $1 $19 {[%emt 0:00:11][%mdl 64] Discovered Attack. Really sharp!} 33. Qxd2 (33. Qxe6 {leads to mate.} Rf2+ 34. Kh1 {[#]} Nf3 $1) 33... Nxd2 34. Rxe6 Rf2+ 35. Kg1 Rf1+ 36. Kg2 Rxc1 37. b6 {[%emt 0:00:25] Strongly threatening b7.} Rb1 38. Nd8 Bd4 39. Re7+ $2 (39. h4 Rxb6 40. Re2) 39... Kg8 {[%emt 0:00:01] ( -> ...Rg1+)} 40. Re8+ Kg7 {[%emt 0:00:14] Black used his chance.  Weighted Error Value: White=0.47/Black=0.30} 0-1

[Event "14th BPB Limburg Open 2022"]
[Site "Maastricht"]
[Date "2022.06.03"]
[Round "1.14"]
[White "Sucikova, Svetlana"]
[Black "Lenaerts, Lennert"]
[Result "0-1"]
[ECO "A13"]
[WhiteElo "2209"]
[BlackElo "2362"]
[Annotator "TA"]
[PlyCount "92"]
[EventDate "2022.06.03"]
[EventType "swiss"]
[EventCountry "NED"]
[SourceTitle "playchess.com"]
[Source "ChessBase"]
[SourceQuality "1"]
[TimeControl "7200+15"]

1. e3 d5 2. Nf3 Nf6 3. c4 e6 4. b3 Bd6 5. Bb2 b6 6. Be2 {[%emt 0:03:45] A13: English Opening: 1...e6.} Nbd7 7. O-O O-O 8. d4 {[%emt 0:01:30] The position is equal.} Bb7 9. Nbd2 Qe7 10. Rc1 Ne4 11. Ne5 Nxd2 12. Qxd2 Nxe5 13. dxe5 Bb4 {[%emt 0:00:06] [#]} 14. Qc2 $146 ({Predecessor:} 14. Qd4 Rfd8 15. Rfd1 a5 16. a4 Bc5 17. Qg4 dxc4 18. Bxc4 Rxd1+ 19. Rxd1 Rd8 20. Rxd8+ Qxd8 {0-1 (28) Jupa,I (2097)-Delchev,A (2566) Pristina 2018}) 14... dxc4 15. Qxc4 Bc5 16. Qg4 Rfd8 17. Rc2 Rac8 18. Rfc1 a6 19. h3 Rd7 20. Qf4 Rcd8 21. Bh5 h6 22. Kh2 a5 23. Bf3 Bxf3 24. Qxf3 Rd2 25. Bc3 Rxc2 26. Rxc2 Rd5 27. Qe2 Qd7 28. Qc4 b5 29. Qe4 Bb6 30. Bd4 c5 31. Bc3 a4 32. bxa4 b4 33. Bb2 Qxa4 34. Qc4 (34. a3 $11) 34... Qd7 $36 {[%emt 0:04:39][%mdl 2048] Black is really pushing.} 35. f4 $2 (35. Qe2 $17 {was called for.}) 35... Rd2 $19 36. Rxd2 Qxd2 {[%emt 0:00:03][%mdl 4096] Endgame KQB-KQB} 37. Bc1 Qd1 (37... Qe1 $1 $19 {Strongly threatening ...Bd8.} 38. Qc2 Qf1) 38. Bb2 $17 Qd2 {[%emt 0:01:23] Black is more active.} (38... g6 $17) 39. Bc1 $1 $19 Qe1 40. Qc2 Qf1 {[%emt 0:00:08] Threatens to win with ...c4.} 41. a3 {[%emt 0:02:28] [#]} bxa3 (41... b3 $1 $19 42. Qxb3 Qxc1 43. Qxb6 Qxe3) 42. Bxa3 $17 c4 43. Bc1 {[%emt 0:00:26][%mdl 8192] [#]} (43. Qd2 $17 {is more resistant.}) 43... Ba5 $1 $19 {[%emt 0:00:18] And now ...Be1 would win.} 44. e4 (44. f5 $142 exf5 45. Qb2) 44... Bb6 {[%emt 0:01:08] ( -> ...Bf2)} 45. Qd2 Bf2 46. Qd8+ Kh7 {[%emt 0:00:02] Weighted Error Value: White=0.59/Black=0.13 (very precise)} 0-1

[Event "14th BPB Limburg Open 2022"]
[Site "Maastricht"]
[Date "2022.06.04"]
[Round "2.1"]
[White "Elgersma, Onno"]
[Black "Warmerdam, Max"]
[Result "0-1"]
[ECO "B52"]
[WhiteElo "2303"]
[BlackElo "2614"]
[Annotator "TA"]
[PlyCount "130"]
[EventDate "2022.06.03"]
[EventType "swiss"]
[EventCountry "NED"]
[SourceTitle "playchess.com"]
[Source "ChessBase"]
[SourceQuality "1"]
[TimeControl "7200+15"]

1. e4 c5 2. Nf3 d6 3. Bb5+ Bd7 4. Bxd7+ Nxd7 5. c4 Ngf6 6. Nc3 Ne5 7. O-O {[%emt 0:10:19] [#] B52: Sicilian: Moscow Variation with 3...Bd7.} Nfd7 $146 ({Predecessor:} 7... e6 8. d3 Be7 9. Nxe5 dxe5 10. f4 O-O 11. fxe5 Qd4+ 12. Kh1 Qxe5 13. Bf4 Qh5 14. Qe1 Nd7 {0-1 (57) Sadikhov,U (2491)-Van Foreest,J (2624) Manavgat 2018}) 8. Nxe5 dxe5 9. d3 {[%emt 0:00:30] White is slightly better.} e6 10. Qg4 h5 11. Qe2 Bd6 12. a3 Nb8 13. Rb1 Nc6 14. Be3 b6 15. Na2 Qe7 16. Qd2 O-O 17. b4 g6 18. b5 Nd4 19. Bxd4 exd4 20. f4 a6 21. Qc1 (21. a4 $11 {keeps the balance.}) 21... axb5 $17 22. Rxb5 Bc7 {[%emt 0:00:33] Black is more active.} 23. Rb3 f5 24. Qe1 (24. e5 $17 {only move.}) 24... e5 $19 25. exf5 Rxf5 ({Worse is} 25... gxf5 26. Qe2 $15) 26. Rb1 Rxa3 27. Nc1 e4 28. g3 e3 29. Qe2 Qf7 30. h4 Qd7 31. Rb3 Ra1 32. Rb2 Rf8 33. Ra2 Rxa2 34. Qxa2 Qc6 35. Qe2 Kg7 36. Nb3 Ra8 37. Na1 (37. Nc1 {keeps fighting.}) 37... Bd6 38. Nc2 Ra2 (38... Qd7 $142 39. Ne1 Qh3) 39. Ra1 $2 (39. Nxd4 Qa8 40. Nc2) 39... Rxa1+ 40. Nxa1 {[%emt 0:00:01][%mdl 4096] Endgame KQB-KQN} b5 41. cxb5 Qxb5 42. Nc2 Qb2 {[%emt 0:00:03] Prevents Na3.} 43. Kf1 Bc7 44. Ne1 Qxe2+ 45. Kxe2 {[%emt 0:00:02] KB-KN} Kf6 46. Nc2 Kf5 {[%emt 0:00:31] [#] ...Kg4 is the strong threat.} 47. Kf3 Ba5 48. Na3 Be1 {[%emt 0:00:03] aiming for ...Ke6.} 49. Nc4 e2 {[%emt 0:00:14][%cal Oe1g3] White must now prevent ...Bxg3!} 50. Nd6+ Ke6 51. Ne4 {[%emt 0:00:06] [#]} Bxg3 $1 52. Kxe2 Bxh4 ({Better is} 52... Bxf4 $19 {Strongly threatening ...Kd5.} 53. Nxc5+ Kf5) 53. Nxc5+ $15 Kf5 54. Kf3 Be7 55. Nb3 Bf6 {[%emt 0:01:39] And now ...h4 would win.} 56. Nc1 $1 {[%emt 0:00:10] Loses the game.} Bg7 $2 (56... h4 {Hoping for ...Bd8.} 57. Ne2 Bh8) 57. Ne2 $2 (57. Nb3) 57... h4 $19 58. Ng1 Bf8 59. Ne2 Bc5 60. Ng1 Bb4 {[%emt 0:00:00] ( -> ...Bd2)} 61. Ne2 Bc3 62. Ng1 Bd2 63. Ne2 Be3 {[%emt 0:00:02] Black mates.} 64. Kg2 Kg4 65. Kh2 Bxf4+ {[%emt 0:00:01] Weighted Error Value: White=0.56/Black=0.30} 0-1

[Event "14th BPB Limburg Open 2022"]
[Site "Maastricht"]
[Date "2022.06.04"]
[Round "2.2"]
[White "Donchenko, Alexander"]
[Black "Pauly, Carlo"]
[Result "1/2-1/2"]
[ECO "E63"]
[WhiteElo "2599"]
[BlackElo "2297"]
[Annotator "TA"]
[PlyCount "99"]
[EventDate "2022.06.03"]
[EventType "swiss"]
[EventCountry "NED"]
[SourceTitle "playchess.com"]
[Source "ChessBase"]
[SourceQuality "1"]
[TimeControl "7200+15"]

1. d4 Nf6 2. c4 g6 3. g3 Bg7 4. Bg2 O-O 5. Nc3 d6 6. Nf3 Nc6 7. O-O a6 {[%emt 0:00:11] 7...e5 might become the main line.} 8. b3 Rb8 9. d5 Na5 {[%emt 0:01:02] E63: King's Indian: Fianchetto: Panno Variation with 7...a6.} 10. Bg5 h6 11. Bd2 c5 {[%emt 0:00:30] White has an edge.} 12. dxc6 Nxc6 13. Rc1 Kh7 14. h3 {[%emt 0:07:17] [#]} Bd7 $146 ({Predecessor:} 14... d5 15. Bf4 Ra8 16. cxd5 Nb4 17. e4 a5 18. a3 Na6 19. Be5 Bd7 20. Nd4 Rc8 {1-0 (41) Ponkratov,P (2641)-Jary,S (2275) Chess.com INT 2022}) 15. Nd5 Nxd5 16. cxd5 Nd4 17. Nxd4 Bxd4 {[%emt 1:31:59] [#]} 18. Bxh6 $1 Bxf2+ $1 19. Rxf2 Kxh6 20. Qd4 {[%emt 0:00:12] Against Qb6} f6 21. Rcf1 (21. g4 $1 $14) 21... Kg7 22. g4 Qc7 23. g5 Qc5 24. Qxc5 dxc5 25. d6 f5 26. dxe7 Rfe8 27. Rd1 Rxe7 28. Rd6 b5 29. Rxa6 c4 30. Rf3 Bc8 31. Ra5 Rxe2 32. Bf1 Re4 33. a4 Be6 34. b4 bxa4 35. Rxa4 Re1 36. Kf2 {[%emt 0:01:30] The position is equal.} Rb1 37. Re3 Rb6 38. Re5 c3 39. Rc5 {[%emt 0:03:32] [#] And now Rc7+ would win.} Rb2+ 40. Ke3 {[%emt 0:00:40] aiming for Rc7+.} R2xb4 41. Rc7+ Kf8 42. Ra8+ Rb8 43. Rxb8+ Rxb8 $11 {[%emt 0:00:00][%mdl 4096] Endgame KRB-KRB} 44. Kd4 Rc8 45. Rxc8+ Bxc8 46. Kxc3 Kg7 47. Kd4 Bb7 48. Ke5 Bf3 49. h4 Bd1 50. Bd3 {[%emt 0:00:20] Weighted Error Value: White=0.04 (flawless) /Black=0.04 (flawless)} 1/2-1/2

[Event "14th BPB Limburg Open 2022"]
[Site "Maastricht"]
[Date "2022.06.04"]
[Round "2.3"]
[White "Strating, Sybolt"]
[Black "Gurevich, Mikhail"]
[Result "0-1"]
[ECO "A88"]
[WhiteElo "2295"]
[BlackElo "2573"]
[Annotator "TA"]
[PlyCount "72"]
[EventDate "2022.06.03"]
[EventType "swiss"]
[EventCountry "NED"]
[SourceTitle "playchess.com"]
[Source "ChessBase"]
[SourceQuality "1"]
[TimeControl "7200+15"]

1. d4 d6 2. c4 f5 3. Nf3 Nf6 4. g3 g6 5. Bg2 Bg7 6. O-O O-O 7. Nc3 c6 8. d5 e5 9. dxe6 Bxe6 10. b3 Qe7 {[%emt 0:01:22] A88: Dutch Defence: Leningrad System: 5 Nf3 0-0 6 0-0 d6 7 Nc3 c6.} 11. Ba3 Rd8 12. Nd4 {[%emt 0:05:23] [#]} (12. Qd2 $14) 12... Na6 $146 {[%emt 0:19:29][%cal Bb8a6,Ba6c5,Bc5e6][%mdl 32] The position is equal.} ({Predecessor:} 12... Bf7 13. Re1 Na6 14. e4 fxe4 15. Nxe4 Nxe4 16. Bxe4 Qf6 17. Nc2 Nc5 18. Bg2 Re8 {½-½ (69) Muha,S (2222)-Brilej,J (2228) Chess.com INT 2020}) 13. Qc2 Bd7 14. Rad1 Nc5 15. Rfe1 Re8 16. Bc1 Rad8 17. f3 Bc8 18. b4 Ne6 19. Nb3 ({White should play} 19. e3 $1 $11) 19... d5 $15 20. cxd5 cxd5 {[%emt 0:02:54] ...d4 is the strong threat.} 21. a3 d4 (21... f4 $17 22. gxf4 Qc7) 22. Nb5 $11 Nd5 23. Nxa7 $2 {[%emt 0:13:13][%mdl 8192] White does not recover from this.} ({Don't play} 23. N3xd4 a6 24. e4 fxe4 25. Nxe6 (25. fxe4 axb5 26. Nf5 Qc7 $17) 25... Bxe6 26. fxe4 Nxb4 27. axb4 axb5 $17) (23. e4 $11 Nc3 24. Nxc3 (24. exf5 Nxd1 25. Qxd1 gxf5 $17) 24... dxc3 25. exf5 gxf5 26. Bf1 (26. Qxf5 $2 Rxd1 27. Rxd1 Nd4 $19)) 23... Bd7 $19 24. Qc4 Ba4 {[%emt 0:05:14] Threatens to win with ...Nc3.} 25. f4 (25. e4 $142 Nc3 26. exf5 gxf5 27. Nc5 Bxd1 28. Rxe6) 25... Nc3 {[%emt 0:03:56] [#] And now ...b5 would win.} 26. b5 Bxb3 27. Qxb3 Qc5 28. b6 $2 (28. Bxb7 {only move.} d3+ 29. e3 Qxa7 30. Bc6 Ne2+ 31. Rxe2 dxe2 32. Re1) 28... Nxd1 {[%emt 0:00:28][%mdl 64] [#] Discovered Attack} 29. Rxd1 d3+ 30. e3 Qc2 31. Qxc2 (31. Bd5 Rxd5 32. Qxc2 dxc2 33. Rxd5) 31... dxc2 {[%emt 0:00:09] Black is clearly winning.} 32. Rf1 Nc5 {[%emt 0:01:15] aiming for ...Nb3.} 33. Bf3 Nb3 34. Nb5 Nxc1 35. Rxc1 Rd2 36. Nd4 Rxe3 {[%emt 0:00:21] Weighted Error Value: White=1.01/Black=0.20 (precise)} (36... Bxd4 $142 37. exd4 Re3 38. Bd5+ Kf8) 0-1

[Event "14th BPB Limburg Open 2022"]
[Site "Maastricht"]
[Date "2022.06.04"]
[Round "2.4"]
[White "Dardha, Daniel"]
[Black "Van Roon, Sjoerd"]
[Result "1/2-1/2"]
[ECO "E73"]
[WhiteElo "2561"]
[BlackElo "2264"]
[Annotator "TA"]
[PlyCount "122"]
[EventDate "2022.06.03"]
[EventType "swiss"]
[EventCountry "NED"]
[SourceTitle "playchess.com"]
[Source "ChessBase"]
[SourceQuality "1"]
[TimeControl "7200+15"]

1. d4 Nf6 2. c4 g6 3. h4 d6 4. Nc3 Bg7 5. e4 c5 6. d5 O-O 7. Be2 e6 8. h5 exd5 {[%emt 0:01:32] E73: King's Indian: Averbakh Variation without 6...c5.} 9. exd5 Re8 10. Kf1 Nbd7 11. h6 Bh8 12. Bg5 Qb6 13. b3 Ne4 14. Nxe4 Rxe4 15. Nf3 {[%emt 0:00:26] [#]} Ne5 $146 ({Predecessor:} 15... Re8 16. Rc1 Nf6 17. Bd3 Ne4 18. Bxe4 Rxe4 19. Nd2 Re8 20. Qf3 f5 21. Qg3 Bd7 {1-0 (87) Prraneeth,V (2409)-Vantika,A (2381) Budapest 2022}) 16. Rc1 (16. Nd2 $5 Rd4 17. Be3 $16) 16... Bf5 17. Kg1 (17. Nh4 $11) 17... Bg4 (17... Re8 $5 18. Nxe5 R8xe5 $15) 18. Qc2 f5 19. Be3 {[%emt 0:07:24] aiming for Ng5.} Re8 20. Ng5 Bxe2 21. Qxe2 (21. Nxe4 $2 Bd3 22. Nf6+ Bxf6 $19) 21... Rg4 22. Qd2 Bf6 23. Rh3 Bxg5 24. Bxg5 {[%emt 0:03:15] With the idea f4.} Rd4 25. Qe2 f4 (25... Qc7 $1 $11) 26. Rd1 $1 $16 Rxd1+ (26... Rf8 $16) 27. Qxd1 $18 Qa5 28. Bxf4 $2 ({White must play} 28. Qe2 $18) 28... Nxc4 $1 $11 29. Kf1 {[%emt 0:08:21] Inhibits Re1+.} Qxa2 {[%emt 0:00:57] And now ...Re4 would win.} 30. Kg1 Qa5 31. Kh2 $1 Ne5 32. Bd2 {[%emt 0:03:34] Inhibits Qb4.} Qd8 33. f4 Nd7 {[%emt 0:00:41] Hoping for ...Qf6.} 34. Qa1 {[%emt 0:02:33] [#]} (34. f5 $1 $11) 34... Qf6 $1 $36 {[%emt 0:00:09][%mdl 2048] Black is really pushing.} 35. Qxa7 Re2 $2 ({Better is} 35... Qd4 $19 36. Qa5 (36. Qxb7 $2 Qxd2 37. Qxd7 Qxf4+ 38. Rg3 Qxh6+ 39. Qh3 Qf4 $19) 36... Nf6) 36. Bc1 $11 Re1 37. Bd2 {[%emt 0:01:57] [#]} Re2 (37... Rd1 $1 $17 38. Be3 Qf8 39. Qxb7 Nf6) 38. Qa8+ (38. Bc1 $11 {keeps the balance.}) 38... Qf8 $17 39. Qxf8+ Kxf8 {[%emt 0:00:09][%cal Bg8f8,Bf8f7,Bf7e8][%mdl 4128] Endgame KRB-KRN} 40. Bc3 Kf7 41. Rg3 ({White should try} 41. f5 $1 $15) 41... Rf2 42. Re3 Rxf4 43. Re6 Nf6 44. Rxd6 Ne4 45. Rd7+ Ke8 46. Rxh7 Rh4+ ({Don't do} 46... Nxc3 47. Rh8+ Kf7 48. d6 $16) 47. Kg1 Nxc3 $15 {[%emt 0:00:01] KRN-KR} 48. g3 Rh5 49. d6 (49. g4 $15 Rh4 50. d6) 49... Ne4 (49... Nd5 $17 {Threatens to win with ...b5.} 50. g4 Rh3) 50. Re7+ {[%emt 0:00:57] The position is equal.} Kd8 51. Rxe4 {[%emt 0:00:14] Black must now prevent Rh4.} Rxh6 $11 {[%emt 0:00:03] KR-KR} 52. Re6 Kd7 53. Re7+ Kxd6 54. Rxb7 Rh8 55. Kg2 Kc6 56. Rf7 Rb8 57. Rf3 Kd5 58. Kh3 Rb4 59. g4 g5 60. Kg3 Kd4 61. Kf2 Ke5 {[%emt 0:03:22] What a bad dream for Black.  Weighted Error Value: White=0.21 (precise) /Black=0.23 (precise)} 1/2-1/2

[Event "14th BPB Limburg Open 2022"]
[Site "Maastricht"]
[Date "2022.06.04"]
[Round "2.5"]
[White "Grutter, Tim"]
[Black "Van Foreest, Lucas"]
[Result "0-1"]
[ECO "B01"]
[WhiteElo "2241"]
[BlackElo "2572"]
[Annotator "TA"]
[PlyCount "122"]
[EventDate "2022.06.03"]
[EventType "swiss"]
[EventCountry "NED"]
[SourceTitle "playchess.com"]
[Source "ChessBase"]
[SourceQuality "1"]
[TimeControl "7200+15"]

1. e4 d5 2. exd5 Qxd5 3. Nc3 Qd6 4. d4 Nf6 5. Nb5 Qd8 6. c4 {[%emt 0:00:19] B01: Scandinavian Defence.} Bg4 $5 {[%emt 0:06:36][%mdl 4] A promising side line.} (6... a6 $11 7. Nc3 e5) 7. Be2 (7. Ne2 $5 ) 7... Bxe2 8. Nxe2 {[%emt 0:00:11] The position is equal.} c6 9. Nbc3 g6 10. Bf4 Bg7 11. Qd2 {[%emt 0:01:59] [#]} O-O $146 ({Predecessor:} 11... Qb6 12. O-O-O Nbd7 13. Bh6 Bxh6 14. Qxh6 Qa6 15. b3 b5 16. d5 bxc4 17. dxc6 Nc5 18. bxc4 Qxc4 {0-1 (41) Gantar,J (2162)-Enchev,I (2395) Skopje 2015}) 12. Bh6 (12. Rd1 $142) 12... Bxh6 $11 13. Qxh6 Nbd7 14. O-O Re8 15. Rfd1 Qa5 16. d5 cxd5 17. Nxd5 Nxd5 18. Rxd5 Qc7 19. b3 Nf6 20. Rd4 Rad8 21. Rad1 Ng4 22. Qh3 h5 {[%emt 0:03:01] Strongly threatening ...Rxd4.} 23. Qg3 Qa5 {[%emt 0:10:31] aiming for ...Rxd4.} 24. h3 (24. Nc3 $5 Rxd4 25. Rxd4 $11) 24... Rxd4 25. Nxd4 Nf6 26. a4 Rd8 27. Qf3 Qe5 28. Nb5 Rxd1+ 29. Qxd1 {[%emt 0:00:01][%mdl 4096] Endgame KQN-KQN} a6 30. Nd4 Ne4 31. Nf3 $1 Qb2 32. Qd4 (32. Qe1 $11 Nc5 33. Qxe7 Qc1+ 34. Kh2 Qf4+ 35. Kh1 Qc1+ 36. Kh2 Qf4+ 37. Kh1 Qc1+ 38. Kh2) 32... Qxd4 $17 33. Nxd4 {[%emt 0:00:02] KN-KN} e5 34. Nf3 f6 35. a5 Kf7 ({Black should try} 35... Nc5 $1 $17 36. b4 Nb3) 36. Kf1 {[%emt 0:01:16] [#]} (36. b4 $15) 36... Nc5 $1 37. Nd2 Ke7 38. Ke2 Ne6 39. b4 {[%emt 0:03:03][%cal Bb3b4,Bb4b5][%mdl 32] [#]} Nf4+ $1 40. Kf3 f5 41. Nb3 Nd3 42. b5 Ne1+ (42... Kd6 $17) 43. Ke2 $11 Nxg2 44. Nc5 Nf4+ 45. Kf3 Ne6 46. Nxb7 axb5 47. cxb5 Nd4+ 48. Kg3 Nxb5 49. a6 g5 50. h4 f4+ 51. Kf3 gxh4 {[%emt 0:01:11] Threatens to win with ...h3.} 52. Kg2 Ke6 53. Nc5+ Kd5 54. Nd7 Ke4 (54... e4 $5 55. Nf6+ Ke5 56. Nxh5 Kf5 $11) 55. Nf6+ Kf5 56. Nxh5 (56. Ne8 $11 Ke6 57. Ng7+ Kf7 58. Nf5) 56... Kg6 {[%emt 0:00:33] Black mates.} 57. Nxf4+ exf4 58. Kh3 Kh5 59. f3 Kg5 60. Kh2 Kf6 61. Kh3 Ke5 {[%emt 0:00:15] Weighted Error Value: White=0.27 (precise) /Black=0.08 (flawless)} 0-1